 Dungeon Crawl Stone Soup version 0.29.1-15-g9cfb28693d (webtiles) character file.

Game seed: 6487573335626194398

225 Wiggles the Chopper (level 5, 0/45 HPs)
             Began as a Minotaur Berserker on Mar 31, 2023.
             Was a Believer of Trog.
             Slain by an orc
             ... wielding a +0 falchion
              (3 damage)
             ... on level 3 of the Dungeon.
             The game lasted 00:03:34 (2340 turns).

Wiggles the Chopper (Minotaur Berserker)            Turns: 2340, Time: 00:03:35

Health: 0/45       AC:  9    Str: 23    XL:     5   Next: 68%
Magic:  4/4        EV:  8    Int:  4    God:    Trog [**....]
Gold:   26         SH:  0    Dex: 10    Spells: 4/4 levels left

rFire   . . .      SeeInvis .   a - +0 hand axe
rCold   . . .      Faith    .   (no shield)
rNeg    . . .      Spirit   .   e - +0 chain mail
rPois   .          Reflect  .   (helmet restricted)
rElec   .          Harm     .   (no cloak)
rCorr   .          Rampage  .   f - +0 pair of gloves
Will    .....                   (no boots)
Stlth   ..........              (no amulet)
HPRegen 0.15/turn               (no ring)
MPRegen 0.09/turn               (no ring)

@: on berserk cooldown, slowed, very slow
A: horns 2, retaliatory headbutt
a: Renounce Religion, Berserk, Trog's Hand


You were on level 3 of the Dungeon.
You worshipped Trog.
Trog was pleased with you.
You visited 1 branch of the dungeon, and saw 3 of its levels.

You collected 91 gold pieces.
You spent 65 gold pieces at shops.

Inventory:

Hand Weapons
 a - a +0 hand axe (weapon)
Missiles
 l - 2 throwing nets (quivered)
Armour
 e - a +0 chain mail (worn)
 f - a +0 pair of gloves (worn)
Scrolls
 b - 2 scrolls of teleportation {unknown}
 h - 3 scrolls of enchant weapon {unknown}
 i - 6 scrolls of identify {unknown}
 j - 3 scrolls of vulnerability {unknown}
 m - a scroll of fear {unknown}
 n - a scroll of poison {unknown}
Potions
 c - a potion of ambrosia {unknown}
 d - a potion of degeneration {unknown}
 g - 2 potions of mutation {unknown}
 k - 2 potions of heal wounds


   Skills:
 - Level 3.6 Fighting
 + Level 7.7 Axes
 - Level 2.4 Armour
 - Level 2.1 Dodging
 + Level 0.6 Stealth


You had 4 spell levels left.
You didn't know any spells.
Your spell library was empty.

Dungeon Overview and Level Annotations

Branches:
Dungeon (3/15)

Altars:
Uskayaw

Shops:
D:3 !


Innate Abilities, Weirdness & Mutations

You have a pair of horns on your head.
You reflexively headbutt those who attack you in melee.


Message History

You hit the hobgoblin.
You kill the hobgoblin!
Trog accepts your kill.
The orc throws a boomerang.
The boomerang hits you.
The orc priest calls down the wrath of Beogh upon you.
Pain shoots through your body!
* * * LOW HITPOINT WARNING * * *
You hit the orc priest but do no damage.
The orc priest hits you but does no damage.
You hit the orc priest. You headbutt the orc priest.
The orc priest is lightly wounded.
The orc priest hits you but does no damage. x2
You hit the orc priest but do no damage.
The orc priest is lightly wounded.
The orc priest hits you but does no damage.
You barely miss the orc priest.
The orc priest is lightly wounded.
The orc priest invokes the aid of Beogh against you.
Beogh smites you!
* * * LOW HITPOINT WARNING * * *
The orc priest hits you with a +0 short sword.
* * * LOW HITPOINT WARNING * * *
You slash the orc priest!
The orc priest is severely wounded.
The orc priest hits you but does no damage.
You hit the orc priest but do no damage.
Your headbutt misses the orc priest.
The orc priest is severely wounded.
The orc priest barely misses you. The orc priest closely misses you.
You hit the orc priest.
The orc priest is almost dead.
The orc priest hits you but does no damage.
You barely miss the orc priest.
The orc priest is almost dead.
The orc priest barely misses you. You furiously retaliate!
You headbutt the orc priest!
You kill the orc priest!
Trog accepts your kill. The orc hits you with a +0 falchion.
You die...

#...# #...# .# #...# #)#
#.### #.# #.# #.# #.#
#######.# # #.# #.......#
###.# #.# #.#.#.#.#
[.....##@#######..###..##
........o........## ##...
.........#######.)###..##
##...##### #.#.#.#†## ###
#..>...... ####)###.#
##########.# #.#
.......<...# #.#
.########### #.#


You could see an orc.

Vanquished Creatures
  An orc priest (D:3)
  Jessica (D:2)
  An orc wizard (D:3)
  4 gnolls (D:3)
  3 adders (D:2)
  A worm (D:2)
  2 dart slugs
  3 orcs (D:3)
  3 endoplasms
  7 giant cockroaches
  9 hobgoblins
  2 quokkas
  12 ball pythons
  3 bats
  3 frilled lizards (D:1)
  3 goblins
  12 kobolds
  8 rats
78 creatures vanquished.

Notes
Turn   | Place    | Note
-------+----------+-------------------------------------------
     0 | D:1      | Wiggles the Minotaur Berserker began the quest for the Orb.
     0 | D:1      | Reached XP level 1. HP: 19/19 MP: 0/0
     2 | D:1      | Noticed a naga
     2 | D:1      | Noticed a minotaur
     4 | D:1      | Noticed a ghoul
     4 | D:1      | Noticed a demigod
     6 | D:1      | Noticed a spriggan
     8 | D:1      | Noticed a merfolk
    10 | D:1      | Noticed a felid
    10 | D:1      | Noticed a demonspawn
    12 | D:1      | Noticed a human
    12 | D:1      | Noticed a troll
    14 | D:1      | Noticed a draconian
    14 | D:1      | Noticed a meteoran
    16 | D:1      | Noticed a formicid
    16 | D:1      | Noticed a vine stalker
    18 | D:1      | Noticed a palentonga
    20 | D:1      | Noticed a tengu
    20 | D:1      | Noticed a gargoyle
    22 | D:1      | Noticed an ogre
    22 | D:1      | Noticed an octopode
    24 | D:1      | Noticed a gargoyle
    24 | D:1      | Noticed an elf
    26 | D:1      | Noticed a merfolk
    26 | D:1      | Noticed a human
    95 | D:1      | Reached skill level 4 in Axes
   109 | D:1      | Reached XP level 2. HP: 25/26 MP: 1/1
   568 | D:1      | Reached skill level 5 in Axes
   611 | D:1      | Reached XP level 3. HP: 31/31 MP: 2/2
   776 | D:1      | Found a faded altar of an unknown god.
   857 | D:2      | Noticed Jessica
   868 | D:2      | Killed Jessica
  1026 | D:2      | Reached ** piety under Trog
  1027 | D:2      | Reached XP level 4. HP: 39/39 MP: 3/3
  1061 | D:2      | Reached skill level 6 in Axes
  1481 | D:2      | Found a hide-covered altar of Uskayaw.
  1731 | D:3      | Found Tilo's Distillery.
  1740 | D:3      | Bought a potion of heal wounds for 65 gold pieces
  1796 | D:3      | Reached XP level 5. HP: 20/45 MP: 4/4
  1802 | D:3      | Reached skill level 7 in Axes
  2335 | D:3      | HP: 2/45 [orc priest/+0 short sword (2)]
  2340 | D:3      | Slain by an orc

Illustrated notes

Levels and vault maps discovered:
D:1:      kb_arrival_jail, layout_rooms, shapermc_ecumenical_altar_mp_vishouse,
          minivault_27, st_stairs_1
D:2:      layout_basic, basic_altar, uniq_jessica
D:3:      layout_loops_ring, xom_confusion_cloud, serial_shops,
          nicolae_square_shop, amcnicky_mini_corridor_feature

Skill      XL: |  1  2  3  4  5 |
---------------+----------------+-----
Axes           | 4 5 6 7 |  7.7
Fighting       | |  3.6
Armour         | |  2.4
Dodging        | |  2.1
Stealth        | |  0.6

Action                   |  1- 3 |  4- 6 || total
-------------------------+-------+-------++-------
Melee: Hand axe          |    76 |   103 ||   179
       Headbutt          |     8 |    15 ||    23
Invok: Berserk           |     2 |     2 ||     4
Armor: Animal skin       |     6 |       ||     6
       Chain mail        |    30 |    62 ||    92
Dodge: Dodged            |    42 |    45 ||    87
